 Dungeon Crawl Stone Soup version 0.22.0-60-ga52c2fc (webtiles) character file.

18846 jerryfan the Transmogrifier (level 12, -9/124 HPs)
             Began as a Pale Draconian Transmuter on Sept 10, 2018.
             Was an Elder of Sif Muna.
             Mangled by a seven-headed hydra (15 damage)
             ... on level 2 of the Lair of Beasts.
             The game lasted 01:03:15 (14759 turns).

jerryfan the Transmogrifier (DrTm)                 Turns: 14759, Time: 01:03:15

Health: -9/124     AC:  7    Str: 14    XL:     12   Next: 31%
Magic:  23/24      EV: 17    Int: 23    God:    Sif Muna [****..]
Gold:   426        SH:  0    Dex: 11    Spells: 14/27 levels left

rFire    x . .     SeeInvis .     - Unarmed
rCold    + + +     Gourm    .   (shield currently unavailable)
rNeg     . . .     Faith    .   (armour unavailable)
rPois    +         Spirit   .   (helmet currently unavailable)
rElec    .         Reflect  .   (cloak currently unavailable)
rCorr    .         Harm     .   (gloves currently unavailable)
MR       .....                  (boots currently unavailable)
Stlth    +.........             (no amulet)
HPRegen  0.30/turn              d - +5 ring of intelligence
MPRegen  0.19/turn              C - +4 ring of evasion

@: ice-form
A: large, (breathe steam), unfitting armour, AC +8
a: End Transformation, Divine Energy, Channel Magic, Forget Spell, Renounce
Religion


You were on level 2 of the Lair of Beasts.
You worshipped Sif Muna.
Sif Muna was greatly pleased with you.
You were not hungry.
You were a creature of crystalline ice.
You visited 3 branches of the dungeon, and saw 15 of its levels.

You collected 686 gold pieces.
You spent 260 gold pieces at shops.

Inventory:

Hand Weapons
 J - the +10 long sword of Governance (melded) {slice, MR+ Int+4}
   (You found it on level 12 of the Dungeon)

   It inflicts extra damage upon your enemies.
   It affects your intelligence (+4).
   It affects your resistance to hostile enchantments.
Missiles
 a - 139 arrows
 m - 9 tomahawks (quivered)
 r - 2 tomahawks of dispersal
Armour
 x - a +1 hat (melded)
 D - a +0 pair of boots (melded)
 E - a scarf of spirit shield
 L - the +0 pair of gloves of Foxkam (melded) {+Blink rF+ rC- Int+3}
   (You found it on level 1 of the Lair of Beasts)

   It affects your intelligence (+3).
   It protects you from fire.
   It makes you vulnerable to cold.
   It lets you blink.
Magical Staves
 z - an uncursed staff of power
Jewellery
 d - a +5 ring of intelligence (left front paw)
 f - an uncursed ring of stealth
 q - an uncursed ring of see invisible
 C - a +4 ring of evasion (right front paw)
 F - an uncursed ring of ice
 H - an uncursed ring of resist corrosion
 M - a +2 ring of protection {unknown}
Wands
 n - a wand of paralysis (35)
 u - a wand of disintegration (16)
 y - a wand of clouds (6)
 I - a wand of acid (1)
 K - a wand of iceblast (7)
Scrolls
 e - 7 scrolls of teleportation
 h - 10 scrolls of identify
 i - 5 scrolls of amnesia
 k - 4 scrolls of immolation
 l - 3 scrolls of magic mapping
 t - 10 scrolls of remove curse
 N - a scroll of enchant weapon
Potions
 b - a potion of ambrosia
 g - 2 potions of haste
 j - a potion of heal wounds {unknown}
 o - a potion of cancellation {unknown}
 p - 3 potions of degeneration {unknown}
 s - 2 potions of brilliance {unknown}
 v - a potion of lignification {unknown}
 w - a potion of berserk rage {unknown}
 A - a potion of curing
 B - 5 potions of might
Comestibles
 c - 18 rations
 G - 4 chunks of flesh


   Skills:
 + Level 9.3 Fighting
 + Level 8.0 Dodging
 + Level 9.1 Unarmed Combat
 + Level 8.0 Spellcasting
 + Level 10.3 Transmutations
 + Level 6.7 Evocations


You had 14 spell levels left.
You knew the following spells:

 Your Spells              Type           Power        Failure   Level  Hunger
a - Beastly Appendage     Tmut           ######       1%          1    None
b - Sticks to Snakes      Tmut           ######..     1%          2    None
c - Blade Hands           Tmut           ######....   2%          5    #####..
d - Animate Skeleton      Necr           N/A          7%          1    None
e - Ice Form              Ice/Tmut       ####....     9%          4    ###....

Your spell library contained the following spells:

 Spells                   Type           Power        Failure   Level  Hunger
 Spider Form              Tmut/Pois      ####......   2%          3    None
 Apportation              Tloc           #.....       7%          1    None
 Confusing Touch          Hex            #.....       7%          1    None
 Freeze                   Ice            #...         7%          1    None
 Summon Small Mammal      Summ           #...         7%          1    None
 Call Imp                 Summ           #.......     11%         2    None
 Throw Frost              Conj/Ice       #.....       11%         2    None
 Call Canine Familiar     Summ           #.......     21%         3    None
 Ozocubu's Armour         Chrm/Ice       #.......     21%         3    None
 Summon Guardian Golem    Hex/Summ       #.......     21%         3    None
 Summon Ice Beast         Ice/Summ       #.......     56%         4    ###....
 Summon Lightning Spire   Summ/Air       #.......     56%         4    ###....
 Throw Icicle             Conj/Ice       #.......     56%         4    ###....


Dungeon Overview and Level Annotations

Branches:
Dungeon (12/15)            Temple (1/1) D:4            Lair (2/6) D:10
  Snake (0/4) Lair:2          Orc (0/2) D:12
  Swamp: Lair:2-4    Shoals: Lair:2-4

Altars:
Ashenzari
Dithmenos
Elyvilon
Fedhas
Gozag
Kikubaaqudgha
Makhleb
Nemelex Xobeh
Okawaru
Qazlal
Ru
Sif Muna
Trog
Uskayaw
Vehumet
Wu Jian
Xom
The Shining One

Shops:
D:9 }   D:11 }

Annotations:
D:2 exclusion: upstairs
D:6 exclusion: oklob plant
D:10 2 runed doors, Anon1729's ghost, journeyman NaGl


Innate Abilities, Weirdness & Mutations

((You can breathe blasts of scalding, opaque steam.))
((Your pale cyan-grey scales are hard. (AC +8)))
You cannot fit into any form of body armour.
((You are cold-blooded and may be slowed by cold attacks.))


Message History

The seven-headed hydra is heavily wounded.
The seven-headed hydra bites you. The seven-headed hydra bites you!!
* * * LOW HITPOINT WARNING * * *
The seven-headed hydra barely misses you.
The seven-headed hydra bites you.
* * * LOW HITPOINT WARNING * * *
The seven-headed hydra misses you. The seven-headed hydra bites you!
* * * LOW HITPOINT WARNING * * *
The seven-headed hydra bites you!
* * * LOW HITPOINT WARNING * * *
Okay, then.
Evoke which item? (* to show all) (? for menu, Esc to quit)
Aiming: Iceblast
Press: ? - help, Shift-Dir - straight line The mass of ice explodes!
The iceblast engulfs the seven-headed hydra.
The seven-headed hydra is severely wounded.
You hear a loud, deep croak!
The seven-headed hydra misses you. x3; The seven-headed hydra bites you!
You die...

. .).........†........ .
............%....... .
............P##..... P
#............## ... .
####†.......# . #
#......#P# # #......###
# #...D..# # #...Y..# .
##......### #
#.......#.# .
#P......... #
#.................... #
##...................# #
##....................
##
#P.................)..
.#######
####...................#


You could see a seven-headed hydra.

Vanquished Creatures
  Gastronok (D:11)
  A catoblepas (Lair:2)
  A two-headed ogre (D:10)
  A tengu warrior (D:11)
  An ugly thing (D:12)
  A centaur zombie (D:11)
  5 spiny frogs
  4 molten gargoyles (D:11)
  A rime drake (Lair:2)
  2 komodo dragons (Lair:2)
  Grinder (D:3)
  8 blink frogs
  2 hippogriffs
  A vampire (D:12)
  A wyvern (D:12)
  Eustachio (D:6)
  10 yaks
  A steam dragon (D:9)
  A hungry ghost (D:8)
  2 nagas (Lair:2)
  4 water moccasins
  3 porcupines
  2 ice beasts
  4 orc warriors
  4 sky beasts
  A necrophage (D:10)
  3 phantoms
  3 wolves (Lair:2)
  2 black bears
  2 ogres
  2 centaurs
  A crocodile (Lair:2)
  2 big kobolds
  12 bullfrogs
  A water moccasin skeleton (D:8)
  3 scorpions
  An electric eel (D:11)
  A howler monkey (D:9)
  3 crimson imps
  2 bullfrog zombies (D:12)
  5 jellies
  4 hounds
  7 orc priests
  12 orc wizards
  2 bullfrog skeletons
  6 worker ants
  A hound zombie (D:10)
  A hound skeleton (D:5)
  2 worker ant zombies
  Robin (D:4)
  4 adders
  A howler monkey skeleton (D:6)
  A shadow imp (D:9)
  9 oozes (D:4)
  An adder zombie (D:5)
  2 worms
  3 dart slugs
  2 leopard geckos
  42 orcs
  2 ball pythons (D:1)
  A bat (D:3)
  A giant cockroach (D:3)
  11 goblins
  10 hobgoblins
  8 jackals
  2 quokkas
  4 frilled lizards
  16 kobolds
  A leopard gecko zombie (D:6)
  7 rats
  A fungus (D:4)
272 creatures vanquished.

Vanquished Creatures (collateral kills)
  Erolcha (D:9)
  Sonja (D:12)
  A troll (D:9)
  A blink frog (Lair:1)
  A wraith (D:9)
  A steam dragon (D:8)
  An orc warrior (D:6)
  An ogre (D:5)
  4 wights (D:9)
  A jelly (D:4)
  An orc wizard (D:4)
  2 adders
  An ooze (D:4)
  A worm (D:2)
  An orc (D:4)
  3 kobolds (D:4)
22 creatures vanquished.

Vanquished Creatures (others)
  4 fungi
  6 toadstools (D:4)
10 creatures vanquished.

Grand Total: 304 creatures vanquished

Notes
Turn   | Place    | Note
-------+----------+-------------------------------------------
     0 | D:1      | jerryfan the Draconian Transmuter began the quest for the
                  | Orb.
     0 | D:1      | Reached XP level 1. HP: 16/16 MP: 3/3
   717 | D:1      | Reached XP level 2. HP: 22/23 MP: 3/5
   803 | D:2      | Learned a level 2 spell: Sticks to Snakes
   981 | D:2      | Reached XP level 3. HP: 25/28 MP: 6/6
  1359 | D:2      | Found an iron altar of Okawaru.
  1804 | D:3      | Noticed Grinder
  1838 | D:4      | Reached skill level 3 in Transmutations
  1927 | D:3      | Reached XP level 4. HP: 36/36 MP: 7/7
  2424 | D:3      | Killed Grinder
  2424 | D:3      | Reached XP level 5. HP: 26/42 MP: 1/9
  2668 | D:4      | Reached skill level 4 in Transmutations
  2668 | D:4      | Reached XP level 6. HP: 10/50 MP: 10/10
  2942 | D:4      | Noticed Robin
  2949 | D:4      | Killed Robin
  3064 | D:4      | Found a staircase to the Ecumenical Temple.
  3079 | Temple   | Entered the Ecumenical Temple
  3138 | Temple   | Became a worshipper of Sif Muna the Loreminder
  4336 | D:4      | Your scales start taking on a pale cyan-grey colour.
  4336 | D:4      | Reached XP level 7. HP: 22/57 MP: 5/11
  4618 | D:5      | Entered Level 5 of the Dungeon
  4694 | D:5      | Reached skill level 5 in Transmutations
  4733 | D:5      | Found a bloodstained altar of Trog.
  4927 | D:5      | Reached * piety under Sif Muna
  5120 | D:5      | Learned a level 5 spell: Blade Hands
  5189 | D:5      | Noticed a fire elemental
  5191 | D:5      | Found a stormy altar of Qazlal.
  5208 | D:5      | Reached XP level 8. HP: 46/66 MP: 9/13
  5220 | D:5      | Noticed an air elemental
  5401 | D:5      | Found a burning altar of Makhleb.
  5401 | D:5      | Noticed a cacodemon
  5405 | D:5      | Noticed an orange demon
  5405 | D:5      | Noticed an orange demon
  5480 | D:6      | Reached skill level 5 in Unarmed Combat
  5492 | D:6      | Found a white marble altar of Elyvilon.
  5492 | D:6      | Noticed an oklob plant
  5607 | D:6      | Found a shattered altar of Ashenzari.
  5621 | D:6      | Reached skill level 6 in Transmutations
  5648 | D:6      | Found a shimmering altar of Xom.
  6039 | D:6      | Reached skill level 5 in Fighting
  6074 | D:6      | Noticed Eustachio
  6089 | D:6      | Killed Eustachio
  6210 | D:7      | Reached ** piety under Sif Muna
  6210 | D:7      | Reached skill level 7 in Transmutations
  6210 | D:7      | Reached XP level 9. HP: 74/74 MP: 16/16
  6306 | D:7      | Found a stormy altar of Qazlal.
  6918 | D:8      | Reached skill level 5 in Spellcasting
  7024 | D:8      | Found a bloodstained altar of Trog.
  7052 | D:8      | Found a sacrificial altar of Ru.
  7314 | D:8      | Reached skill level 5 in Dodging
  7617 | D:9      | Reached skill level 8 in Transmutations
  7633 | D:9      | Found a sparkling altar of Nemelex Xobeh.
  8008 | D:9      | Found Jejudono's Gadget Emporium.
  8074 | D:9      | Noticed Erolcha
  8194 | D:9      | Killed Erolcha
  8194 | D:9      | Reached skill level 1 in Evocations
  8402 | D:10     | Entered Level 10 of the Dungeon
  8402 | D:10     | Noticed a two-headed ogre
  8412 | D:10     | Killed a two-headed ogre
  8412 | D:10     | Reached XP level 10. HP: 77/84 MP: 15/18
  8558 | D:9      | Reached *** piety under Sif Muna
  8943 | D:10     | Found a staircase to the Lair.
  9308 | D:10     | Found a large runed door.
  9310 | D:10     | Found a large runed door.
  9312 | D:10     | Noticed Anon1729's ghost (journeyman NaGl)
  9809 | D:11     | Noticed Gastronok
  9846 | D:11     | Killed Gastronok
  9846 | D:11     | Reached skill level 9 in Transmutations
  9958 | D:11     | Noticed a tengu warrior
  9969 | D:11     | Killed a tengu warrior
  9969 | D:11     | Reached XP level 11. HP: 73/93 MP: 15/21
 10003 | D:11     | Found a glowing golden altar of the Shining One.
 10082 | D:11     | Found Sizive Qeva's Gadget Emporium.
 10229 | D:11     | Bought a wand of acid (6) for 260 gold pieces
 10321 | D:11     | HP: 3/94 [molten gargoyle/bolt of magma (15)]
 11375 | D:12     | Got a jewelled long sword
 11376 | D:12     | Identified the +10 long sword of Governance {slice, MR+
                  | Int+4} (You found it on level 12 of the Dungeon)
 11386 | D:12     | Learned a level 1 spell: Animate Skeleton
 11502 | D:12     | Reached skill level 5 in Evocations
 11698 | D:12     | Noticed Sonja
 11717 | D:12     | Killed Sonja
 12074 | D:12     | Found a staircase to the Orcish Mines.
 12283 | D:12     | Noticed a white ugly thing
 12288 | D:12     | Killed a white ugly thing
 12507 | Lair:1   | Entered Level 1 of the Lair of Beasts
 12850 | Lair:1   | Reached **** piety under Sif Muna
 13358 | Lair:1   | Got a pair of jewelled gloves
 13359 | Lair:1   | Identified the cursed +0 pair of gloves of Foxkam {+Blink
                  | rF+ rC- Int+3} (You found it on level 1 of the Lair of
                  | Beasts)
 13704 | Lair:2   | Reached skill level 10 in Transmutations
 13782 | Lair:2   | Reached XP level 12. HP: 86/103 MP: 17/23
 13821 | Lair:2   | Learned a level 4 spell: Ice Form
 14187 | Lair:2   | Noticed a catoblepas
 14207 | Lair:2   | Killed a catoblepas
 14588 | Lair:2   | Found a staircase to the Snake Pit.
 14744 | Lair:2   | Noticed a seven-headed hydra
 14751 | Lair:2   | HP: 4/124 [seven-headed hydra (11)]
 14759 | Lair:2   | Mangled by a seven-headed hydra

Skill      XL: |  1  2  3  4  5  6  7  8  9 10 11 12 |
---------------+-------------------------------------+-----
Dodging        | 2 3 4 5 6 7 8 |  8.0
Fighting       | 2 3 4 5 6 7 8 9 |  9.3
Transmutations | 3 4 5 7 8 9 10 | 10.3
Spellcasting   | 3 4 5 6 7 8 |  8.0
Unarmed Combat | 4 5 6 7 8 9 |  9.1
Evocations     | 2 4 6 |  6.7

Action                   |  1- 3 |  4- 6 |  7- 9 | 10-12 || total
-------------------------+-------+-------+-------+-------++-------
Melee: Unarmed           |    95 |   164 |   239 |   367 ||   865
       Tailslap          |    17 |    17 |    34 |    40 ||   108
       Headbutt          |     3 |    18 |     1 |       ||    22
       Kick              |     6 |     4 |     5 |       ||    15
       Punch             |     2 |     1 |     9 |    13 ||    25
       Long sword        |       |       |       |     4 ||     4
Throw: Tomahawk          |       |     3 |     9 |     2 ||    14
 Cast: Beastly Appendage |     8 |    10 |     3 |       ||    21
       Sticks to Snakes  |     8 |    21 |    20 |    15 ||    64
       Blade Hands       |       |       |       |    28 ||    28
       Ice Form          |       |       |       |     3 ||     3
 Abil: Breathe Steam     |       |       |    41 |    32 ||    73
       End Transformatio |       |       |       |     1 ||     1
Evoke: Wand              |       |       |       |     9 ||     9
  Use: Scroll            |     7 |     1 |     2 |     7 ||    17
       Potion            |       |     2 |     4 |     2 ||     8
 Stab: Sleeping          |     1 |       |       |       ||     1
  Eat: Chunk             |     4 |     6 |    13 |    25 ||    48
       Ration            |       |     1 |     1 |     2 ||     4
Armor: Skin              |    13 |    33 |    45 |    59 ||   150
Dodge: Dodged            |    39 |    91 |   170 |   295 ||   595
       Rpst.: Long sword |       |       |       |     3 ||     3
